Map: Frozen Temple

Players

Myrault

  • Race: Zerg Zerg
  • League: Master

Miszu - Winner!

  • Race: Terran Terran
  • League: Master

VOD

Have the link to the VOD?

Description

Time

  • Played on: April 17, 2016, 3:45 p.m.
  • Length: 10:12
Show
View Real Time Build Order
Export as new Build Order

Myrault Zerg 

Build Orders: Hatch First, Muta Ling Bane 

Get SALT Encoding   

  12  0:01  Drone  
  13  0:14  Overlord  
  13  0:19  Drone  
  14  0:32  Drone x2  
  16  0:38  Drone  
  17  0:53  Hatchery  
  17  0:56  Drone  
  17  0:59  Drone  
  18  1:10  Extractor  
  17  1:13  Spawning Pool  
  17  1:16  Drone  
  17  1:20  Drone  
  18  1:33  Drone  
  19  1:40  Drone  
  20  1:50  Overlord  
  20  2:00  Queen  
  22  2:05  Zergling x4, Queen  
  26  2:10  Metabolic Boost  
  26  2:13  Drone  
  27  2:16  Drone  
  28  2:25  Drone  
  28  2:28  Drone  
  29  2:33  Spore Crawler  
  29  2:34  Drone  
  29  2:40  Drone  
  29  2:41  Queen  
  33  2:46  Overlord  
  33  2:48  Drone  
  34  2:56  Drone  
  34  3:06  Drone  
  34  3:07  Drone  
  34  3:08  Hatchery  
  34  3:11  Drone x2  
  37  3:14  Pneumatized Carapace  
  37  3:16  Drone  
  38  3:20  Overlord  
  38  3:23  Drone  
  39  3:35  Zergling x8  
  39  3:37  Overlord  
  39  3:41  Queen  
  45  3:42  Drone  
  46  3:52  Overlord x2  
  46  3:53  Drone x2  
  48  3:57  Drone  
  48  3:58  Drone x2  
  50  4:04  Lair  
  50  4:06  Extractor  
  50  4:08  Extractor  
  48  4:13  Drone  
  48  4:14  Drone x2  
  49  4:29  Drone  
  49  4:30  Drone x7  
  57  4:37  Drone x2  
  59  4:48  Drone x3  
  59  4:50  Extractor  
  61  4:58  Evolution Chamber  
  61  4:59  Evolution Chamber  
  59  5:01  Drone x4  
  59  5:05  Spire, Drone x7  
  59  5:06  Drone  
  70  5:13  Zergling x6  
  73  5:19  Extractor  
  73  5:20  Baneling Nest  
  73  5:21  Extractor  
  70  5:23  Zergling x6  
  73  5:35  Zerg Melee Weapons Level 1, Zerg Ground Armor Level 1  
  73  5:37  Overlord  
  73  5:38  Drone x8  
  73  5:40  Drone  
  82  5:47  Drone  
  81  6:00  Zergling x16  
  89  6:05  Overlord x2, Hatchery  
  88  6:19  Overlord x2  
  88  6:23  Zerg Flyer Weapons Level 1  
  89  6:25  Drone  
  89  6:26  Centrifical Hooks  
  89  6:27  Drone  
  89  6:28  Drone x2  
  89  6:29  Drone  
  93  6:38  Zergling x4  
  93  6:39  Zergling x4  
  97  6:40  Baneling x4  
  97  6:45  Mutalisk x4  
  105  6:57  Mutalisk x5  
  115  7:14  Baneling x5  
  115  7:15  Zergling x2, Baneling  
  109  7:16  Zergling x20  
  118  7:35  Zerg Ground Armor Level 2, Zerg Melee Weapons Level 2  
  114  7:38  Infestation Pit  
  114  7:42  Hatchery  
  104  7:46  Mutalisk x2  
  104  7:49  Zergling x18  
  116  8:00  Zergling x6  
  119  8:08  Overlord x2  
  119  8:09  Overlord, Overseer  
  119  8:11  Baneling x2  
  119  8:12  Baneling x6  
  119  8:13  Baneling x2  
  119  8:15  Overlord x3  
  104  8:37  Zergling x2  
  104  8:38  Zergling x28  
  108  8:46  Hive  
  108  8:47  Mutalisk x2  
  112  8:56  Baneling x13  
  112  9:02  Zergling x2  
  113  9:03  Zergling x14  
  108  9:21  Mutalisk  
  108  9:22  Mutalisk x3  
  98  9:24  Zergling x2  
  98  9:25  Zergling x12  
  101  9:33  Zergling x2  
  101  9:34  Zergling x20  
  107  9:40  Zergling x2  
  107  9:42  Zergling x2  
  107  9:45  Baneling x5  
  108  9:46  Baneling x6  
  108  9:54  Zergling x4  
  108  9:55  Overseer  
Show
View Real Time Build Order
Export as new Build Order

Miszu Terran - Winner!

Build Orders: Reaper Expand, MMM Bio 

Get SALT Encoding   

  12  0:00  SCV  
  13  0:12  SCV  
  14  0:17  Supply Depot  
  14  0:25  SCV  
  15  0:39  SCV  
  15  0:40  Barracks  
  16  0:43  Refinery  
  16  0:51  SCV  
  17  1:03  SCV  
  18  1:15  SCV  
  19  1:27  Orbital Command  
  19  1:28  Reaper  
  20  1:40  Command Center  
  20  1:49  Supply Depot  
  20  1:53  SCV  
  21  2:00  Marine  
  22  2:06  SCV  
  23  2:12  Factory  
  23  2:18  SCV  
  24  2:26  Barracks Reactor  
  24  2:30  SCV  
  25  2:42  Command Center  
  25  2:43  SCV  
  26  2:52  Refinery  
  26  2:53  Orbital Command  
  26  2:55  SCV  
  27  3:07  SCV  
  27  3:09  Barracks Tech Lab  
  30  3:13  Hellion x2  
  30  3:19  SCV  
  33  3:21  SCV  
  34  3:31  Barracks, SCV  
  35  3:37  SCV  
  36  3:42  Stimpack  
  36  3:43  SCV  
  37  3:49  SCV  
  37  3:51  Barracks  
  37  3:52  Factory Reactor  
  37  3:55  SCV  
  39  3:57  Orbital Command  
  39  4:02  Marine, SCV  
  41  4:07  SCV  
  42  4:14  Engineering Bay, SCV  
  42  4:17  Engineering Bay  
  43  4:19  SCV  
  43  4:23  SCV  
  43  4:26  SCV  
  44  4:31  SCV  
  44  4:32  Refinery  
  44  4:35  Refinery  
  44  4:36  Factory Reactor  
  44  4:37  Orbital Command  
  44  4:38  SCV  
  46  4:39  Marine x2  
  46  4:42  Starport  
  46  4:43  Marine  
  46  4:44  SCV  
  46  4:45  Terran Infantry Armor Level 1  
  50  4:47  Terran Infantry Weapons Level 1  
  50  4:50  Marine, SCV  
  50  4:51  Marine  
  53  4:56  SCV  
  53  4:57  Marine x2  
  56  5:02  Supply Depot, SCV  
  56  5:03  SCV  
  56  5:06  Marine  
  59  5:08  SCV  
  59  5:10  Supply Depot  
  60  5:14  SCV, Armory  
  61  5:24  SCV x2  
  61  5:26  Supply Depot, SCV  
  61  5:27  Marine  
  61  5:28  Marine x2  
  67  5:33  Supply Depot  
  67  5:35  Barracks  
  65  5:36  SCV x2  
  65  5:37  Barracks  
  65  5:38  SCV, Factory Reactor  
  68  5:43  Marine  
  68  5:46  Marine x3  
  68  5:48  SCV x2, Combat Shields  
  73  5:50  SCV  
  74  5:58  Supply Depot  
  74  5:59  Medivac x2  
  74  6:00  SCV x2  
  74  6:03  SCV  
  81  6:07  Marine  
  81  6:08  Marine x3  
  81  6:09  Refinery  
  81  6:10  Marine  
  86  6:12  SCV x2  
  86  6:14  Widow Mine  
  86  6:15  SCV, Widow Mine  
  93  6:23  Bunker  
  93  6:25  Supply Depot, Marine, SCV x2  
  95  6:27  Barracks Reactor x2, SCV  
  95  6:29  Medivac  
  95  6:31  Medivac  
  101  6:46  Marine x3, Marauder  
  109  6:47  Supply Depot  
  109  6:48  Supply Depot, Terran Infantry Armor Level 2, Terran Infantry Weapons Level 2  
  109  6:49  Supply Depot  
  106  6:59  Barracks  
  106  7:01  Barracks  
  106  7:03  Barracks  
  106  7:07  Widow Mine  
  106  7:08  Factory, Medivac, Widow Mine  
  108  7:13  Medivac  
  114  7:17  Marauder  
  114  7:22  SCV x3  
  112  7:30  Missile Turret  
  112  7:31  Missile Turret  
  112  7:34  SCV x2  
  112  7:35  SCV  
  112  7:36  Widow Mine  
  109  7:44  Marauder  
  109  7:46  Widow Mine, SCV  
  109  7:47  Medivac  
  109  7:48  Marine  
  116  7:54  Barracks Tech Lab x2  
  116  7:55  Barracks Tech Lab, Factory Tech Lab  
  116  7:56  Marine  
  116  7:57  Marine x3  
  119  8:02  Supply Depot  
  119  8:03  Supply Depot  
  119  8:04  Marine  
  122  8:05  Marine  
  122  8:06  Marauder  
  122  8:07  Medivac  
  122  8:11  Marine x2  
  127  8:15  Marauder x2, Widow Mine  
  133  8:23  Widow Mine  
  137  8:27  Marauder  
  124  8:41  Marauder  
  124  8:45  Marine x9, Marauder  
  124  8:46  Hellion, Medivac x2  
  124  8:47  Thor  
  124  8:48  Marine  
  146  8:52  Widow Mine  
  142  8:56  Command Center  
  138  9:03  Marauder  
  138  9:06  Marine x9  
  149  9:15  Marauder  
  149  9:17  Marine  
  149  9:20  Medivac, Widow Mine  
  147  9:24  Marauder  
  147  9:29  Marauder  
  149  9:32  Marine x4  
  149  9:45  Marine x4  
  149  9:46  Marine x2, Marauder  
  149  9:47  Supply Depot x3  
  149  9:49  Marine x2  
Tags
 
Add a new tag
Caveats
  • Supply blocks, unpowered buildings, or Contaminate may cause inaccurate times.
  • Supply counts are checked every 10 seconds.